 Dungeon Crawl Stone Soup version 0.29.0-4-gdea44cf6ec (webtiles) character file.

Game seed: 14666674425850887956

137 qw the Chopper (level 5, 0/30 HPs)
             Began as a Tengu Warper on Aug 28, 2022.
             Slain by an orc priest
             ... wielding a +0 club
              (4 damage)
             ... on level 3 of the Dungeon.
             The game lasted 00:00:13 (3384 turns).

qw the Chopper (Tengu Warper)                       Turns: 3384, Time: 00:00:14

Health: 0/30       AC:  5    Str: 13    XL:     5   Next: 20%
Magic:  9/9        EV: 13    Int: 13    God:
Gold:   134        SH:  0    Dex: 14    Spells: 8/8 levels left

rFire   . . .      SeeInvis .   d - +1 hand axe (spect)
rCold   . . .      Faith    .   (no shield)
rNeg    + . .      Spirit   .   e - +0 ring mail
rPois   .          Reflect  .   (helmet restricted)
rElec   .          Harm     .   (no cloak)
rCorr   .          Rampage  .   (no gloves)
Will    .....                   (boots unavailable)
Stlth   +.........              (no amulet)
HPRegen 0.10/turn               h - ring of positive energy
MPRegen 0.11/turn               (no ring)

@: flying quickly and evasively, quick
A: beak, talons 3, nimble flight
a: no special abilities


You were on level 3 of the Dungeon.
You visited 1 branch of the dungeon, and saw 3 of its levels.

You collected 134 gold pieces.


Innate Abilities, Weirdness & Mutations

You have a beak for a mouth.
You have claws for feet.
Your magical nature lets you fly swiftly and evasively.


   Skills:
 - Level 2.0 Fighting
 + Level 5.7 Axes
 - Level 1.0 Throwing
 - Level 1.1 Armour
 - Level 2.1 Dodging
 - Level 2.0 Spellcasting
 - Level 2.4 Translocations


You had 8 spell levels left.
You didn't know any spells.
Your spell library contained the following spells:

 Spells                   Type           Power      Damage    Failure   Level
 Blink                    Tloc           14%        N/A       30%         2
 Gell's Gravitas          Tloc           7%         N/A       52%         3
 Lesser Beckoning         Tloc           7%         N/A       52%         3
 Teleport Other           Tloc           7%         N/A       52%         3
 Manifold Assault         Tloc           7%         N/A       99%         5

Inventory:

Hand Weapons
 d - a +1 spectral hand axe (weapon)
 n - a +0 flail
Armour
 a - a +0 chain mail
 e - a +0 ring mail (worn)
Jewellery
 h - a ring of positive energy (left hand)
 j - a ring of ice
Potions
 b - a potion of curing {unknown}
 c - a potion of invisibility {unknown}
 f - a potion of lignification {unknown}
 g - a potion of heal wounds {unknown}
 i - a potion of flight {unknown}
 k - a potion of might {unknown}
 l - a potion of brilliance {unknown}

Dungeon Overview and Level Annotations

Branches:
Dungeon (3/15)

Altars:
Makhleb


Message History

3371 ||| Stepping ~*~*~tactically~*~*~ (hiding).
3372 ||| Stepping ~*~*~tactically~*~*~ (hiding).
You slash the kobold!
You kill the kobold!
The adder bites you.
You closely miss the adder. Your kick misses the adder. The adder bites you.
You are poisoned.
The adder poisons you!
You hit the adder. Your kick misses the adder.
The adder is lightly wounded.
You feel sick. The adder misses you.
You barely miss the adder. Your kick misses the adder. You peck the adder.
The adder is moderately wounded.
You feel sick. The adder barely misses you.
The adder bites you but does no damage.
You barely miss the adder. You peck the adder, but do no damage.
The adder is moderately wounded.
You feel sick. The adder bites you.
You hit the adder.
The adder is heavily wounded.
You feel sick.
You are no longer poisoned.
The adder misses you.
The orc priest looks satisfied for a moment.
You hit the adder.
You kill the adder!
The orc priest mumbles some strange prayers to Beogh against you.
Beogh smites you!
You hear a shout!
You slash the orc!
You kill the orc!
You slash the orc priest! Your kick misses the orc priest.
You peck the orc priest.
The orc priest is severely wounded.
The orc priest hits you but does no damage.
You closely miss the orc priest.
The orc priest is severely wounded.
The orc priest hits you with a +0 club.
You die...

#....... #.o.... #...o.
'o..S ##... ... #.######
>######.##...#############
>......oo@....)..........#
.######.##...##.......##..
#.#######.......##.. #.#
#.......###. #'# #.......#
#. ... ######### #. ...
..... ... ..... ......


You could see an orc priest and an orc.

Vanquished Creatures
  An orc priest (D:3)
  5 adders
  2 worms (D:2)
  4 dart slugs
  5 orcs (D:3)
  6 endoplasms
  A giant cockroach (D:2)
  A goblin (D:1)
  3 hobgoblins
  4 jackals (D:2)
  2 bats
  2 frilled lizards (D:2)
  4 kobolds
  3 rats
43 creatures vanquished.

Vanquished Creatures (others)
  4 plants (D:2)
  8 withered plants (D:2)
12 creatures vanquished.

Grand Total: 55 creatures vanquished

Notes
Turn   | Place    | Note
-------+----------+-------------------------------------------
     0 | D:1      | qw the Tengu Warper began the quest for the Orb.
     0 | D:1      | Reached XP level 1. HP: 12/12 MP: 4/4
     0 | D:1      | 0 ||| qw: Version: 0.1-a-89-g26bdef1
     0 | D:1      | 0 ||| qw: Game counter: 2717
     0 | D:1      | 0 ||| qw: Always use a shield: true
     0 | D:1      | 0 ||| qw: God list: Okawaru
     0 | D:1      | 0 ||| qw: Allow faded altars: false
     0 | D:1      | 0 ||| qw: Do Orc after D:15 true
     0 | D:1      | 0 ||| qw: Do second Lair branch before Depths: true
     0 | D:1      | 0 ||| qw: Lair rune preference: random
     0 | D:1      | 0 ||| qw: Plans: Normal
     0 | D:1      | 0 ||| PLANNING D:1-11
   247 | D:1      | 247 ||| SWAPPING to +1 hand axe of flaming.
   248 | D:1      | 248 ||| DROPPING +0 hand axe.
   268 | D:1      | Reached skill level 3 in Axes
   268 | D:1      | Reached XP level 2. HP: 17/17 MP: 6/6
  1088 | D:1      | 1088 ||| UPGRADING to ring of positive energy.
  1089 | D:1      | 1089 ||| READING scroll labelled SUAMEY MEHABI.
  1183 | D:1      | 1183 ||| READING scroll labelled ZERICE EHAQU.
  1184 | D:1      | 1184 ||| READING scroll labelled UNICA YLLAOMI.
  1185 | D:1      | 1185 ||| READING scroll labelled VUIFUX EMEAF.
  1189 | D:1      | 1189 ||| DROPPING scroll of blinking.
  1264 | D:2      | HP: 4/17 [poisoned by an adder]
  1377 | D:2      | Reached skill level 4 in Axes
  1377 | D:2      | Reached XP level 3. HP: 7/21 MP: 7/7
  1378 | D:2      | HP: 5/21 [poisoned by an adder]
  1631 | D:2      | Found a faded altar of an unknown god.
  1714 | D:2      | 1714 ||| Stepping ~*~*~tactically~*~*~ (stealth).
  1784 | D:2      | Found a burning altar of Makhleb.
  2003 | D:2      | Reached XP level 4. HP: 19/26 MP: 8/8
  2191 | D:2      | 2191 ||| Stepping ~*~*~tactically~*~*~ (hiding).
  2455 | D:2      | 2455 ||| Stepping ~*~*~tactically~*~*~ (hiding).
  2557 | D:2      | 2557 ||| Stepping ~*~*~tactically~*~*~ (hiding).
  2659 | D:2      | 2659 ||| Stepping ~*~*~tactically~*~*~ (hiding).
  2666 | D:2      | Reached skill level 5 in Axes
  2789 | D:2      | 2789 ||| Stepping ~*~*~tactically~*~*~ (stealth).
  2946 | D:2      | 2946 ||| UPGRADING to +0 ring mail.
  2956 | D:2      | 2956 ||| DROPPING +0 leather armour.
  3042 | D:3      | 3042 ||| DROPPING +0 club.
  3056 | D:3      | HP: 2/26 [orc priest/+2 dagger of distortion (16)]
  3058 | D:3      | Gained mutation: Your magical nature lets you fly swiftly
                  | and evasively. [Tengu growth]
  3058 | D:3      | Reached XP level 5. HP: 2/30 MP: 9/9
  3360 | D:3      | 3360 ||| DROPPING +0 mace.
  3368 | D:3      | 3368 ||| Stepping ~*~*~tactically~*~*~ (stealth).
  3371 | D:3      | 3371 ||| Stepping ~*~*~tactically~*~*~ (hiding).
  3372 | D:3      | 3372 ||| Stepping ~*~*~tactically~*~*~ (hiding).
  3381 | D:3      | HP: 3/30 [orc priest/divine providence (13)]
  3384 | D:3      | Slain by an orc priest

Levels and vault maps discovered:
D:1:      minmay_arrival_wavy_path, layout_basic
D:2:      layout_loops_ring, shapermc_ecumenical_altar_flowoftime, basic_altar
D:3:      layout_basic, minmay_misc_feat_square, chequers_serial_rivers_micro_e,
          pf_guarded_unrand_woodcutter

Skill      XL: |  1  2  3  4 |
---------------+-------------+-----
Axes           | 3 4 5 |  5.7
Fighting       | |  2.0
Throwing       | |  1.0
Armour         | |  1.1
Dodging        | |  2.1
Spellcasting   | |  2.0
Translocations | |  2.4

Action                   |  1- 3 |  4- 6 || total
-------------------------+-------+-------++-------
Melee: Hand axe          |    48 |    29 ||    77
       Kick              |    13 |     8 ||    21
       Peck              |     8 |     7 ||    15
Throw: Boomerang         |     7 |       ||     7
  Use: Scroll            |     4 |       ||     4
Armor: Leather armour    |    13 |       ||    13
       Ring mail         |       |     2 ||     2
Dodge: Dodged            |    24 |     7 ||    31

Table legend:
 A = Non-vault XP
 B = Vault XP
 C = Vault XP percentage of total XP
 D = Non-vault monster count
 E = Vault monster count
 F = Vault count percentage of total count
                 A         B        C        D         E       F
            +---------+---------+-------+---------+---------+-------
      Total |     197 |       0 |   0.0 |      43 |       0 |   0.0
            +---------+---------+-------+---------+---------+-------
        D:1 |      19 |       0 |   0.0 |      10 |       0 |   0.0
        D:2 |      98 |       0 |   0.0 |      23 |       0 |   0.0
        D:3 |      80 |       0 |   0.0 |      10 |       0 |   0.0
            +---------+---------+-------+---------+---------+-------
